 Dungeon Crawl Stone Soup version 0.22-a0-479-gc6e99f3 (webtiles) character file.

211 KristoblXynda the Ruffian (level 5, -5/45 HPs)
             Began as a Troll Wizard on June 14, 2018.
             Killed by nerve-wracking pain
             ... invoked by an orc priest
              (12 damage)
             ... on level 3 of the Dungeon.
             The game lasted 00:04:55 (1703 turns).

KristoblXynda the Ruffian (Troll Wizard)            Turns: 1703, Time: 00:04:55

Health: -5/45      AC:  6    Str: 15    XL:     5   Next: 57%
Magic:  7/7        EV:  9    Int: 15    God:
Gold:   133        SH:  0    Dex:  8    Spells: 4/8 levels left

rFire    . . .     SeeInvis .     - Unarmed
rCold    . . .     Gourm    +   (no shield)
rNeg     . . .     Faith    .   a - +0 robe
rPois    .         Spirit   .   b - +1 hat
rElec    .         Reflect  .   (no cloak)
rCorr    +         Harm     .   (gloves unavailable)
MR       .....                  (boots unavailable)
Stlth    +.........             (no amulet)
HPRegen  0.55/turn              i - ring of resist corrosion
MPRegen  0.10/turn              (no ring)

@: drained
A: large, unfitting armour, claws 3, fast metabolism 3, gourmand, regeneration
1, shaggy fur 1, tough skin 2
a: no special abilities


You were on level 3 of the Dungeon.
You were very full.

You visited 1 branch of the dungeon, and saw 3 of its levels.

You collected 133 gold pieces.

Inventory:

Armour
 a - a +0 robe (worn)
 b - a +1 hat (worn)
Jewellery
 i - a ring of resist corrosion (left claw)
Wands
 r - a wand of iceblast (12)
Scrolls
 e - a scroll of remove curse {unknown}
 f - a scroll of teleportation
 k - a scroll of enchant armour
 n - a scroll of magic mapping
 o - a scroll of random uselessness {unknown}
 q - a scroll of blinking {unknown}
 s - a scroll of enchant weapon {unknown}
Potions
 c - a potion of heal wounds {unknown}
 g - 2 potions of curing {unknown}
 h - a potion of brilliance {unknown}
 j - a potion of agility {unknown}
 l - a potion of lignification {unknown}
 p - a potion of might {unknown}
Comestibles
 d - 7 rations
 m - 3 chunks of flesh


   Skills:
 - Level 1.5(1.1) Dodging
 - Level 1.0(0.6) Stealth
 * Level 3.7(3.3) Unarmed Combat
 - Level 2.0(1.6) Spellcasting
 * Level 2.9(2.5) Conjurations
   Level 0.6(0.2) Summonings
   Level 0.6(0.2) Translocations


You had 4 spell levels left.
You knew the following spells:

 Your Spells              Type           Power        Failure   Level  Hunger
a - Magic Dart            Conj           #...         9%          1    ##.....
b - Mephitic Cloud        Conj/Pois/Air  #.......     43%         3    ####...

Your spell library contained the following spells:

 Spells                   Type           Power        Failure   Level  Hunger
 Conjure Flame            Conj/Fire      #.......     38%         3    ####...
 Slow                     Hex            #.......     34%         2    ###....
 Blink                    Tloc           N/A          32%         2    ###....
 Call Imp                 Summ           #.......     32%         2    ###....


Dungeon Overview and Level Annotations

Branches:
Dungeon (3/15)

Altars:
Fedhas


Innate Abilities, Weirdness & Mutations

You are too large for most types of armour.
You have claws for hands.
Your metabolism is lightning-fast.
You like to eat raw meat.
Your natural rate of healing is unusually fast.
You are covered in fur. (AC +1)
You have very tough skin. (AC +2)


Message History

The orc hits you but does no damage. The orc priest barely misses you.
You claw the orc!
You kill the orc!
The orc priest hits you from afar with a trident!
You barely miss the orc. The orc hits you but does no damage.
The orc priest looks braver for a moment.
You scratch the orc.
The orc is almost dead.
The orc hits you with a club.
* * * LOW HITPOINT WARNING * * *
You claw the orc!
You kill the orc!
The orc priest hits you from afar with a trident.
* * * LOW HITPOINT WARNING * * *
Items here: ( )) [ ††† You scratch the orc priest but do no damage.
Your claw misses the orc priest.
The orc priest mumbles some strange prayers to Beogh against you.
Pain shoots through your body!
You die...

**######### ***
*,........#
,,***,........#
*,,,,,..(.....###
*****,......b...#
,,,,,,........#o######
,**,,,........#o@)...#
,,***,........########
*,,,,,...oo...#
,,****...o#####
*,,,**#.o.,************
***,,*##.,,*,,,,,,,,,,*
,,,,,,,,,,,,,*****,,***
****,**,,,**** **,**
****,*,,,,,,,****,,*


You could see an orc priest and an orc.

Vanquished Creatures
  A hound (D:3)
  A centaur skeleton (D:3)
  The ghost of iamserjio the Sneak, a weakling GnAs of Cheibriados (D:3)
  Robin (D:2)
  3 adders
  An ooze (D:3)
  A worm (D:2)
  3 dart slugs
  A leopard gecko (D:1)
  3 orcs (D:3)
  A giant cockroach (D:3)
  9 hobgoblins
  4 jackals (D:1)
  8 kobolds
  2 quokkas (D:2)
  11 bats
  5 frilled lizards
  15 goblins
  8 rats
79 creatures vanquished.

Notes
Turn   | Place    | Note
-------+----------+-------------------------------------------
     0 | D:1      | KristoblXynda the Troll Wizard began the quest for the Orb.
     0 | D:1      | Reached XP level 1. HP: 16/16 MP: 2/2
    24 | D:1      | Reached skill level 1 in Conjurations
    37 | D:1      | Reached skill level 1 in Unarmed Combat
    40 | D:1      | Reached XP level 2. HP: 19/24 MP: 4/4
    58 | D:1      | You fall through a shaft!
   229 | D:1      | Reached XP level 3. HP: 26/31 MP: 5/5
   393 | D:1      | Reached skill level 2 in Unarmed Combat
  1030 | D:2      | Found a blossoming altar of Fedhas.
  1111 | D:2      | Noticed Robin
  1137 | D:2      | Reached XP level 4. HP: 39/39 MP: 6/6
  1148 | D:2      | Killed Robin
  1460 | D:3      | Reached skill level 3 in Unarmed Combat
  1460 | D:3      | Reached XP level 5. HP: 15/45 MP: 7/7
  1518 | D:3      | Learned a level 3 spell: Mephitic Cloud
  1609 | D:3      | Noticed iamserjio's ghost (weakling GnAs)
  1636 | D:3      | Killed iamserjio's ghost
  1703 | D:3      | Killed from afar by an orc priest

Vault maps used:
D:1:      ncdulo_halloftheorcs, minivault_26, minivault_4
D:2:      fedhas_altar_3, uniq_robin

Skill      XL: |  1  2  3  4 |
---------------+-------------+-----
Conjurations   | 1 2 |  2.9
Unarmed Combat | 1 2 3 |  3.7
Dodging        | |  1.5
Stealth        | |  1.0
Spellcasting   | |  2.0
Summonings     | |  0.6
Translocations | |  0.6

Action                   |  1- 3 |  4- 6 || total
-------------------------+-------+-------++-------
Melee: Unarmed           |   136 |   142 ||   278
       Punch             |       |     2 ||     2
  Use: Scroll            |       |     3 ||     3
  Eat: Chunk             |    14 |     7 ||    21
Armor: Robe              |    70 |    58 ||   128
Dodge: Dodged            |    78 |    99 ||   177

Table legend:
 A = Spawn XP
 B = Non-spawn XP
 C = Spawn XP percentage of total XP
 D = Spawn monster count
 E = Non-spawn monster count
 F = Spawn count percentage of total count
 G = Total turns spent on level
                    A         B        C        D         E        F      G
               +---------+---------+-------+---------+---------+-------+---------
         Total |       0 |     302 |   0.0 |       0 |      79 |   0.0 |  1703
               +---------+---------+-------+---------+---------+-------+---------
           D:1 |       0 |      49 |   0.0 |       0 |      29 |   0.0 |   878
           D:2 |       0 |     100 |   0.0 |       0 |      34 |   0.0 |   562
           D:3 |       0 |     153 |   0.0 |       0 |      16 |   0.0 |   263
               +---------+---------+-------+---------+---------+-------+---------
